 Dungeon Crawl Stone Soup version 0.19.5 (webtiles) character file.

13 Freeplumber the Grasshopper (level 2, 0/25 HPs)
             Began as a Ghoul Warper on Apr 6, 2017.
             Slain by a kobold
             ... wielding a +0 dagger
              (2 damage)
             ... on level 1 of the Dungeon on Apr 8, 2017.
             The game lasted 00:04:30 (359 turns).

Freeplumber the Grasshopper (Ghoul Warper)           Turns: 359, Time: 00:04:31

Health: 0/25       AC:  3    Str: 14    XL:     2   Next: 37%
Magic:  3/3        EV: 11    Int:  8    God:
Gold:   20         SH:  0    Dex:  8    Spells: 1 memorised, 2 levels left

rFire  . . .     SeeInvis .       - Unarmed
rCold  + . .     Gourm    .     a - +0 leather armour
rNeg   + + +     Faith    .     (no shield)
rPois  ∞         Spirit   .     (no helmet)
rElec  .         Reflect  .     (no cloak)
rCorr  .         Harm     .     (no gloves)
MR     .....                    (no boots)
Stlth  +.........               (no amulet)
                                (no ring)
                                (no ring)

@: rotting
A: rotting body, claws 1, carnivore 3, cold resistance 1, negative energy
resistance 3, slow regeneration 1, torment resistance, unbreathing
a: no special abilities


You were on level 1 of the Dungeon.
You were not hungry.

You visited 1 branch of the dungeon, and saw 1 of its levels.

You collected 20 gold pieces.

Inventory:

Missiles
 d - a tomahawk of dispersal (quivered)
 g - 43 arrows
Armour
 a - a +0 leather armour (worn)
Books
 b - a book of Spatial Translocations

   Spells                             Type                      Level
   a - Blink                          Translocation                2
   b - Shroud of Golubria             Charms/Translocation         2
   c - Lesser Beckoning               Translocation                3
   d - Portal Projectile              Translocation                3
   e - Teleport Other                 Translocation                3
   f - Passage of Golubria            Translocation                4
Comestibles
 f - a meat ration
 i - a slice of pizza


   Skills:
 + Level 2.4 Fighting
 + Level 0.8 Throwing
 + Level 1.1 Armour
 + Level 2.0 Dodging
 + Level 2.3 Unarmed Combat
 + Level 1.9 Spellcasting
 + Level 2.8 Translocations


You had 2 spell levels left.
You knew the following spells:

 Your Spells              Type           Power        Failure   Level  Hunger
a - Blink                 Tloc           N/A          24%         2    ###....


Dungeon Overview and Level Annotations

Branches:
Dungeon (1/15)

Altars:


Innate Abilities, Weirdness & Mutations

Your body is rotting away.
You thrive on raw meat.
You are immune to poison.
You have sharp fingernails.
You are carnivorous and can eat meat at any time.
Your flesh is cold resistant. (rC+)
You are immune to negative energy. (rN+++)
You regenerate slowly when monsters are visible.
You are immune to unholy pain and torment.
You can survive without breathing.


Message History

g - Guard the area. f - Follow me.
Anything else - Cancel.
Okay, then.
Okay, then.
Casting: Blink
Confirm with . or Enter, or press ? or * to list all spells.
Okay, then.
Okay, then.
You aren't carrying any potions.
You aren't carrying any potions.
You aren't carrying any potions.
Unknown command.
You aren't carrying any potions.
You closely miss the kobold. The kobold hits you with a dagger.
* * * LOW HITPOINT WARNING * * *
You miss the kobold. The kobold hits you with a dagger.
* * * LOW HITPOINT WARNING * * *
You closely miss the kobold. The kobold hits you but does no damage.
You barely miss the kobold. The kobold hits you with a dagger.
You die...

..####.###..# #.# #...... .....
### ##'###..# #.# #....########
#.†.....# #.# #....'.......
#####.......####.####....#.....##
)...'.[..................'.....'.
...##.....#.##.......#####.)...##
...###.####..#..(.r..# #.....#
#### #.# #..#.......# #.....##
#.####..#..@....# #.......
###....#...##K.#### #.....##
#...........#..###############
####....###.#..#........ ##......
)..'........##.#....... #.#.....
####.........#.##....... #..#(...
#.........#..#.##.#.. #...#...
#.........#..#.##.# # #....#..
####......#..#..†.# #.....##


You could see a kobold and a rat.

Vanquished Creatures
  A dart slug (D:1)
  2 bats (D:1)
  4 goblins (D:1)
  A hobgoblin (D:1)
  A kobold (D:1)
  A rat (D:1)
10 creatures vanquished.

Notes
Turn   | Place    | Note
-------+----------+-------------------------------------------
     0 | D:1      | Freeplumber the Ghoul Warper began the quest for the Orb.
     0 | D:1      | Reached XP level 1. HP: 17/17 MP: 2/2
   178 | D:1      | Reached skill level 1 in Armour
   178 | D:1      | Reached XP level 2. HP: 24/25 MP: 3/3
   252 | D:1      | Learned a level 2 spell: Blink
   359 | D:1      | Slain by a kobold

Skill      XL: |  1  2 |
---------------+-------+-----
Armour         | 1 |  1.1
Dodging        | 2 |  2.0
Fighting       | |  2.4
Throwing       | |  0.8
Unarmed Combat | |  2.3
Spellcasting   | |  1.9
Translocations | |  2.8

Action                   || total
-------------------------++-------
Melee: Unarmed           ||    41
Throw: Tomahawk          ||     4
 Cast: Blink             ||     1
  Use: Potion            ||     1
       Scroll            ||     3
Armor: Leather armour    ||    16
Dodge: Dodged            ||    19
